AoeStats
← yt536390

Arabia

509957279Analyzed
1v1 RM · 4d ago on Sep 28, 2026· 21m 25s· 2 players
Game mode
Random Map
Map size
Tiny (2 player)
Population
200
Speed
Normal
Resources
Standard
Victory
Conquest
Starting age
Dark Age
Ending age
Imperial Age
RankedLock teamsTeams togetherTeam positionsShared explorationLock speedFull tech treeHidden civsTurbo modeCheats
Victory
Defeat
🇸🇪 Persians · Sweden
1825
+18
🇨🇳 Cumans · China
1865
-18
Joaacim
5:16 Loom
8:20 Feudal Age
9:17 Double-Bit Axe
9:51 Horse Collar
13:58 Padded Archer Armor
14:31 Fletching
17:02 Wheelbarrow
21:18 Castle Age
20:09 Gold Mining
20:24 Stone Mining
21:05 Crossbowman
21:44 Bodkin Arrow
yt536390
5:35 Loom
9:01 Feudal Age
10:13 Double-Bit Axe
11:55 Horse Collar
17:35 Wheelbarrow
23:19 Castle Age
Connection lost

Rejoining the realm…

Still unreachable

The connection could not be restored.

Session expired

The server has moved on; the page needs a fresh start.